 Dungeon Crawl Stone Soup version 0.30.1-11-g7821555f0a (webtiles) character file.

Game seed: 15441510551422094884

5891 jagang the Fighter (level 10, -6/86 HPs)
             Began as a Barachi Monk on Dec 6, 2023.
             Was an Elder of Okawaru.
             Mangled by a troll (7 damage)
             ... led by an orc knight
             ... on level 9 of the Dungeon on Dec 13, 2023.
             The game lasted 00:37:47 (8969 turns).

jagang the Fighter (Barachi Monk)                   Turns: 8969, Time: 00:37:48

Health: -6/86      AC: 21    Str: 13    XL:     10   Next: 82%
Magic:  13/13      EV:  6    Int:  8    God:    Okawaru [****..]
Gold:   225        SH:  0    Dex: 20    Spells: 9/9 levels left

rFire   + . .        L - +9 dagger "Mamio" {flame, rCorr Int-3 Dex+2}
rCold   . . .        d - orb {light}
rNeg    . . .        x - +0 plate armour
rPois   .            (no helmet)
rElec   .            w - +0 cloak
rCorr   +            T - +0 pair of gloves
SInv    .            (no boots)
Will    .....        m - amulet of reflection Stlth
                     R - +4 ring of protection
HPRegen 0.34/turn    c - ring of protection from fire
MPRegen 0.13/turn

%: reflection
@: confused, ambrosia-drunk, unable to hop, glowing, studying Short Blades, slow
A: amphibious, slowness 1, strong legs 1, +LOS
a: Hop, Renounce Religion, Heroism, Finesse


You were on level 9 of the Dungeon.
You worshipped Okawaru.
Okawaru was greatly pleased with you.
You visited 3 branches of the dungeon, and saw 11 of its levels.
You also visited: Sewer.

You collected 585 gold pieces.
You spent 360 gold pieces at shops.

Inventory:

Hand Weapons
 A - a +0 scimitar
 L - the +9 dagger "Mamio" (weapon) {flame, rCorr Int-3 Dex+2}
   (You found it on level 6 of the Dungeon)

   Int:       It affects your intelligence (-3).
   Dex:       It affects your dexterity (+2).
   rCorr:     It protects you from acid and corrosion.
Missiles
 i - 2 boomerangs
 p - 5 javelins
 t - 20 poisoned darts
 K - 4 atropa-tipped darts
 Q - a boomerang of dispersal
Armour
 d - an orb of light (worn)
 w - a +0 cloak (worn)
 x - a +0 plate armour (worn)
 T - a +0 pair of gloves (worn)
Jewellery
 c - a ring of protection from fire (right hand)
 m - an amulet of reflection (around neck)
 s - a +6 ring of strength
 D - a ring of magical power
 O - a ring of fire
 R - a +4 ring of protection (left hand)
Wands
 N - a wand of flame (20) (quivered)
Scrolls
 a - a scroll of noise
 f - 3 scrolls of summoning
 h - a scroll of silence
 j - 2 scrolls of enchant weapon
 l - 5 scrolls of teleportation
 r - 2 scrolls of magic mapping
 u - 2 scrolls of fog
 y - 2 scrolls of fear
 B - 3 scrolls of blinking {unknown}
 C - 2 scrolls of enchant armour {unknown}
 E - a scroll of torment {unknown}
 I - a scroll of poison {unknown}
 J - 2 scrolls of immolation {unknown}
Potions
 b - 3 potions of attraction {unknown}
 e - 2 potions of experience {unknown}
 g - 2 potions of flight {unknown}
 k - a potion of mutation {unknown}
 n - 3 potions of curing {unknown}
 o - 2 potions of lignification {unknown}
 q - 2 potions of berserk rage {unknown}
 v - a potion of haste {unknown}
 z - 2 potions of brilliance {unknown}
 G - a potion of magic {unknown}
 H - a potion of might {unknown}
 M - 3 potions of cancellation {unknown}


   Skills:
 + Level 10.9 Fighting
 + Level 10.2 Long Blades
 - Level 5.0 Throwing
 + Level 9.4 Armour
 - Level 4.0 Dodging
 + Level 4.0 Invocations


You had 9 spell levels left.
You didn't know any spells.
Your spell library contained the following spells:

 Spells                   Type           Power      Damage    Failure   Level
 Beastly Appendage        Tmut           0%         N/A       100%        1
 Slow                     Hex            0%         N/A       100%        1
 Wereblood                Tmut           0%         N/A       100%        2
 Confusing Touch          Hex            0%         N/A       100%        3
 Frozen Ramparts          Ice            0%         1d1       100%        3
 Ozocubu's Armour         Ice            0%         N/A       100%        3
 Spider Form              Tmut/Pois      0%         N/A       100%        3
 Vampiric Draining        Necr           0%         2d6       100%        3
 Ice Form                 Ice/Tmut       0%         N/A       100%        4
 Ozocubu's Refrigeration  Ice            0%         4d7       100%        7
 Storm Form               Tmut/Air       0%         N/A       100%        7
 Borgnjor's Revivificati  Necr           0%         N/A       100%        8
 Maxwell's Capacitive Co  Air            0%         ∞         100%        8
 Necromutation            Tmut/Necr      0%         N/A       100%        8
 Chain Lightning          Conj/Air       0%         N/A       100%        9
 Death's Door             Necr           0%         N/A       100%        9
 Fire Storm               Conj/Fire      0%         5d1       100%        9
 Shatter                  Erth           0%         3d5*      100%        9
 Summon Ice Beast         Ice/Summ       Unusable   N/A       N/A         4
 Summon Lightning Spire   Summ/Air       Unusable   N/A       N/A         4

Dungeon Overview and Level Annotations

Branches:
Dungeon (9/15)             Temple (1/1) D:7             Orc (1/2) D:9
  Sewer (visited)
   Lair: D:8-11

Altars:
Ashenzari
Cheibriados
Dithmenos
Elyvilon
Fedhas
Gozag
Hepliaklqana
Kikubaaqudgha
Makhleb
Nemelex Xobeh
Okawaru
Qazlal
Ru
Sif Muna
Trog
Uskayaw
Vehumet
Wu Jian
Xom
Yredelemnul
Zin
The Shining One

Shops:
D:9 =

Annotations:
D:3 2 runed translucent doors, chicagocrazy's ghost, amateur DsFi


Innate Abilities, Weirdness & Mutations

You are amphibious.
You cover ground slowly.
You can hop short distances.
You have an extended range of vision and can be seen from far away.


Message History

The orc knight is almost dead.
The orc knight closely misses you.
You hit the orc knight but do no damage.
The orc knight is almost dead.
You completely miss the orc knight.
The orc knight is almost dead.
The orc knight hits you with a +0 long sword.
You barely miss the orc knight.
The orc knight is almost dead.
The orc knight hits you with a +0 long sword.
You hit the orc knight. You burn the orc knight.
You kill the orc knight!
Okawaru is honoured by your kill.
You can now speed up your combat.
Your Invocations skill increases to level 4!
Unknown command.
Okay, then.
Aiming: Throw Flame
Press: ? - help, Q - select action, (/) - cycle Shift-Dir - straight line, f - troll
Aim: a troll (haloed, 79% to hit)
The puff of flame hits the troll!
The troll is moderately wounded.
You puncture the troll! You burn the troll.
The troll is heavily wounded.
The troll bites you but does no damage.
The troll claws you but does no damage. x2
You hit the troll but do no damage.
The troll is heavily wounded.
The troll bites you!
* * * LOW HITPOINT WARNING * * *
The troll claws you but does no damage. The troll claws you!
* * * LOW HITPOINT WARNING * * *
You hit the troll. You burn the troll.
The troll is severely wounded.
The troll bites you!
* * * LOW HITPOINT WARNING * * *
The troll barely misses you. The troll claws you but does no damage.
You are confused.
You feel invigorated. The troll closely misses you. The troll claws you!
* * * LOW HITPOINT WARNING * * *
The troll claws you!
You die...

#.........###########~~~))....
#.........##...........####...
####.........#..#######.###
#... ...'.........#.## #.####
#... ####..>......'))# #....#
#... #.........##[## ###.#.#
#... ######'####[[)#####...#.#
#### #....# #.8...)...8...#
#.#### #..@#####...###
###'#### ####T###'####
#......# ##o..## # #......#
#O>.# ######## #......####
##...## #......'
#.)....#..####'###'###########
#......#.##...#####...# #
#......'..'.8....).)8.# #
#......####...#####.[.# #


You could see a troll, an ogre and an orc (strong).

Vanquished Creatures
  An orc knight (D:9)
  3 yaks (D:9)
  Grum (D:8)
  2 steam dragons
  2 wargs
  A sky beast (D:7)
  An ice beast (D:8)
  5 orc warriors
  2 black bears
  An ogre (D:6)
  6 centaurs
  2 wolves (D:8)
  4 kobold brigands
  A gnoll sergeant (D:7)
  A scorpion (D:6)
  4 bullfrogs
  A wight (D:6)
  13 killer bees
  3 jellies
  3 hounds (D:4)
  3 gnoll boudas
  10 orc priests
  3 iguanas (D:5)
  2 sleepcaps
  13 orc wizards
  11 gnolls
  14 adders
  7 river rats (Sewer)
  2 shadow imps (D:5)
  2 white imps
  3 ufetubi
  A worm (D:5)
  6 dart slugs
  52 orcs
  30 ball pythons
  3 bats
  5 endoplasms
  7 giant cockroaches
  5 goblins
  3 hobgoblins
  11 jackals
  23 kobolds
  10 quokkas
  7 frilled lizards
  A kobold skeleton (D:7)
  31 rats
322 creatures vanquished.

Vanquished Creatures (others)
  2 humans
  A goblin (D:5)
3 creatures vanquished.

Grand Total: 325 creatures vanquished

Notes
Turn   | Place    | Note
-------+----------+-------------------------------------------
     0 | D:1      | jagang the Barachi Monk began the quest for the Orb.
     0 | D:1      | Reached XP level 1. HP: 18/18 MP: 1/1
    37 | D:1      | Reached XP level 2. HP: 12/25 MP: 2/2
    40 | D:1      | Reached skill level 1 in Armour
   426 | D:1      | Reached XP level 3. HP: 27/30 MP: 3/3
   869 | D:2      | Found a hazy altar of Hepliaklqana.
   901 | D:2      | Reached XP level 4. HP: 10/37 MP: 4/4
  1419 | D:3      | Found an ornate altar of the Wu Jian Council.
  1648 | D:3      | Found a large runed translucent door.
  1648 | D:3      | Found a large runed translucent door.
  1791 | D:3      | Reached XP level 5. HP: 43/43 MP: 5/5
  1872 | D:3      | Noticed chicagocrazy's ghost (amateur DsFi)
  2508 | D:4      | Reached skill level 5 in Fighting
  2508 | D:4      | Reached skill level 1 in Throwing
  2724 | D:4      | Reached XP level 6. HP: 46/51 MP: 6/6
  2804 | D:4      | Found a shadowy altar of Dithmenos.
  3161 | D:5      | Entered Level 5 of the Dungeon
  3169 | D:4      | Reached skill level 5 in Long Blades
  3308 | D:5      | Reached XP level 7. HP: 24/58 MP: 7/7
  3882 | D:5      | Found a shimmering altar of Xom.
  4090 | D:5      | Noticed a steam dragon
  4106 | D:5      | Killed a steam dragon
  4362 | D:5      | Found a hide-covered altar of Uskayaw.
  4362 | D:5      | Found a snail-covered altar of Cheibriados.
  4456 | D:5      | Found an ancient bone altar of Kikubaaqudgha.
  4456 | D:5      | Noticed a human
  4460 | D:5      | Killed a human
  4492 | D:6      | Reached XP level 8. HP: 54/67 MP: 8/8
  4602 | D:6      | Reached skill level 5 in Armour
  4950 | D:6      | Found a glowing drain.
  4958 | Sewer    | Entered a sewer
  5232 | Sewer    | Reached XP level 9. HP: 74/74 MP: 9/9
  5589 | D:6      | Reached skill level 5 in Throwing
  5833 | D:6      | Identified the +9 dagger "Mamio" {flame, rCorr Int-3 Dex+2}
  6090 | D:7      | Found a runed translucent door.
  6095 | D:7      | Found a basalt altar of Yredelemnul.
  6195 | D:7      | Found a staircase to the Ecumenical Temple.
  6252 | Temple   | Entered the Ecumenical Temple
  6291 | Temple   | Became a worshipper of Warmaster Okawaru
  6291 | Temple   | Reached * piety under Okawaru
  6291 | Temple   | Reached ** piety under Okawaru
  6313 | D:7      | Found a sparkling altar of Nemelex Xobeh.
  6892 | D:8      | Found a glowing golden altar of the Shining One.
  7138 | D:8      | Reached skill level 1 in Invocations
  7207 | D:8      | Noticed Grum
  7218 | D:8      | Killed Grum
  7219 | D:8      | Reached XP level 10. HP: 68/85 MP: 9/11
  7242 | D:8      | Reached skill level 10 in Fighting
  7425 | D:8      | Reached *** piety under Okawaru
  7692 | D:9      | Found Rimel's Jewellery Shop.
  7699 | D:9      | Bought a +4 ring of protection for 360 gold pieces
  7819 | D:9      | Found a staircase to the Orcish Mines.
  7932 | D:9      | Found a stormy altar of Qazlal.
  8182 | D:9      | Found a shimmering blue altar of Sif Muna.
  8714 | Orc:1    | Entered Level 1 of the Orcish Mines
  8737 | Orc:1    | Noticed an orc knight
  8739 | Orc:1    | Reached **** piety under Okawaru
  8752 | Orc:1    | Reached skill level 10 in Long Blades
  8964 | D:9      | Killed an orc knight
  8969 | D:9      | HP: 1/86 [troll[an orc knight] (9)]
  8969 | D:9      | Mangled by a troll

Illustrated notes

Levels and vault maps discovered:
D:1:      spicycebolla_arrival_risky_transporter, layout_loops_ring,
          chequers_serial_rivers_micro_b
D:2:      layout_basic, basic_altar
D:3:      layout_basic, nicolae_wu_jian_wuxing_cycle,
          ebering_ghost_disaster_area, serial_rivers,
          chequers_serial_rivers_micro_a, chequers_serial_rivers_micro_c,
          chequers_serial_rivers_micro_d, chequers_serial_rivers_large_a,
          chequers_serial_rivers_micro_d, chequers_serial_rivers_micro_a,
          minmay_misc_feat_diagonals, minmay_misc_feat_doors
D:4:      layout_loops_corners, grunt_dithmenos_smoke_and_mirrors,
          dreamdust_wishing_well, chequers_serial_rivers_room_b
D:5:      layout_basic, dk_xom_monty_hall, nicolae_overflow_two_pavilions,
          tgw_kikubaaqudgha
D:6:      layout_basic, gup_sewer_entry_pipe, minmay_diced_spiral
D:7:      layout_basic, mainiacjoe_overflow_concentric_impassable,
          dk_yredelemnul_ordeal, minmay_temple_entry_statues
D:8:      layout_basic, mainiacjoe_overflow_cross_hatched, minmay_manual_mess,
          uniq_grum
D:9:      layout_roguey, nicolae_qazlal_style_of_elements, kennysheep_mini_moat,
          hiddenorc2_lemuel, serial_shops, shop
Temple:   nicolae_temple_ecumenical_triangle
Orc:1:    layout_caves, serial_shops, shop, basic_altar, guppyfry_orc_lava_fort,
          uniq_nergalle

Skill      XL: |  1  2  3  4  5  6  7  8  9 10 |
---------------+-------------------------------+-----
Armour         | 1 2 3 4 6 8 9 |  9.4
Fighting       | 4 5 6 7 8 9 10 | 10.9
Long Blades    | 4 5 6 7 9 10 | 10.2
Dodging        | 4 |  4.0
Throwing       | 1 2 3 4 5 |  5.0
Invocations    | 1 4 |  4.0

Action                     |  1- 3 |  4- 6 |  7- 9 | 10-12 || total
---------------------------+-------+-------+-------+-------++-------
  Melee: Falchion          |   119 |   150 |    74 |       ||   343
         Scimitar          |       |       |   255 |       ||   255
         Dagger            |       |       |    61 |   230 ||   291
  Throw: Dart              |       |     4 |    19 |    24 ||    47
         Boomerang         |       |       |    11 |     1 ||    12
         Javelin           |       |       |     7 |    12 ||    19
 Invoke: Heroism           |       |       |       |     2 ||     2
Ability: Hop               |       |     1 |     3 |     1 ||     5
  Evoke: Wand              |       |       |       |     1 ||     1
    Use: Scroll            |       |       |     5 |     5 ||    10
         Potion            |       |       |     2 |     2 ||     4
 Armour: Robe              |    20 |       |       |       ||    20
         Scale mail        |    15 |    26 |       |       ||    41
         Plate armour      |       |    66 |   369 |   145 ||   580
  Dodge: Dodged            |    95 |    56 |   213 |    73 ||   437
  Block: Orb               |     5 |    38 |   133 |    53 ||   229
         Reflection        |       |       |     3 |     1 ||     4
